 Dungeon Crawl Stone Soup version 0.20-a0-181-g08e0bf9 (webtiles) character file.

256 GordonOverkill the Conjurer (level 5, -6/28 HPs)
             Began as a Deep Elf Conjurer on Nov 23, 2016.
             Killed by divine providence
             ... invoked by an orc priest
              (9 damage)
             ... on level 3 of the Dungeon.
             The game lasted 00:11:36 (3605 turns).

GordonOverkill the Conjurer (Deep Elf Conjurer)     Turns: 3605, Time: 00:11:36

Health: -6/28      AC:  3    Str:  5    XL:     5   Next: 92%
Magic:  0/14       EV: 13    Int: 21    God:
Gold:   66         SH:  0    Dex: 15    Spells: 8/14 levels left

rFire  . . .     SeeInvis .     q - +0 dagger (flame)
rCold  . . .     Gourm    .     a - +0 robe
rNeg   . . .     Faith    .     (no shield)
rPois  .         Spirit   .     d - +0 helmet
rElec  .         Reflect  .     (no cloak)
rCorr  .         Harm     .     (no gloves)
MR     .....                    (no boots)
Stlth  ++........               (no amulet)
                                (no ring)
                                (no ring)

@: no status effects
A: no striking features
a: no special abilities


You were on level 3 of the Dungeon.
You were near starving.

You visited 1 branch of the dungeon, and saw 3 of its levels.

You collected 66 gold pieces.

Inventory:

Hand Weapons
 q - a +0 dagger of flaming (weapon)
Armour
 a - a +0 robe (worn)
 d - a +0 helmet (worn)
Scrolls
 i - a scroll of magic mapping {unknown}
 o - 4 scrolls of identify {unknown}
 p - a scroll of random uselessness {unknown}
Potions
 e - 3 potions of might {unknown}
 h - a potion of mutation {unknown}
 j - a potion of lignification {unknown}
 k - a potion of resistance {unknown}
 l - a potion of ambrosia {unknown}
 n - a potion of curing {unknown}
 r - 2 potions of flight {unknown}
Books
 b - a book of Conjurations

   Spells                             Type                      Level
   a - Magic Dart                     Conjuration                  1
   b - Searing Ray                    Conjuration                  2
   c - Dazzling Spray                 Conjuration/Hexes            3
   d - Fulminant Prism                Conjuration/Hexes            4
   e - Iskenderun's Mystic Blast      Conjuration                  4
   f - Iskenderun's Battlesphere      Conjuration/Charms           5
 m - a book of Minor Magic

   Spells                             Type                      Level
   a - Magic Dart                     Conjuration                  1
   b - Blink                          Translocation                2
   c - Call Imp                       Summoning                    2
   d - Repel Missiles                 Charms/Air                   2
   e - Slow                           Hexes                        2
   f - Conjure Flame                  Conjuration/Fire             3
   g - Mephitic Cloud                 Conjuration/Poison/Air       3
Comestibles
 c - 3 bread rations
 f - 8 fruits
 g - a meat ration


   Skills:
 - Level 2.4 Dodging
 - Level 2.4 Stealth
 + Level 5.1 Spellcasting
 * Level 7.0 Conjurations


You had 8 spell levels left.
You knew the following spells:

 Your Spells              Type           Power        Failure   Level  Hunger
a - Magic Dart            Conj           ####         1%          1    None
b - Searing Ray           Conj           #####.       1%          2    None
c - Dazzling Spray        Conj/Hex       ###...       10%         3    ##.....


Dungeon Overview and Level Annotations

Branches:
Dungeon (3/15)

Altars:
Cheibriados
Makhleb


Message History

The orc priest hits you.
You hit the orc priest but do no damage.
The orc priest is heavily wounded.
The orc priest looks braver for a moment.
You hit the orc priest. You burn the orc priest.
The orc priest is severely wounded.
The orc priest mumbles some strange prayers to Beogh against you.
Beogh smites you!
Ouch! That really hurt!
* * * LOW HITPOINT WARNING * * *
You are too injured to fight recklessly!
You hit the orc priest. You burn the orc priest.
The orc priest is almost dead.
The orc priest hits you.
* * * LOW HITPOINT WARNING * * *
You closely miss the orc priest.
The orc priest is almost dead.
The orc priest calls down the wrath of Beogh upon you.
Beogh smites you!
You die...

### ..# .. .. #. . #.##
##.. .# #... #... #.####
#..### ..# #.)...#
##....##.# ##.).....
#........# #.o)†...#
#.##.#..## #@#.....# #.
#.....####.......# #.
#.)....##...#....#
.###.##..##..#...###$..#
.........##.........####
####..##.#..#..####.#
####..#<...).## #
##..........#..####.#
.......)#...##......#


You could see an orc priest.

Vanquished Creatures
  An orc priest (D:3)
  2 orc wizards (D:3)
  Robin (D:3)
  5 adders
  An ooze (D:2)
  3 worms
  6 dart slugs
  2 leopard geckos
  5 orcs (D:3)
  2 ball pythons
  11 bats
  15 goblins
  10 hobgoblins
  3 jackals (D:2)
  9 kobolds
  3 quokkas
  3 frilled lizards (D:1)
  8 rats
90 creatures vanquished.

Notes
Turn   | Place    | Note
-------+----------+-------------------------------------------
     0 | D:1      | GordonOverkill the Deep Elf Conjurer began the quest for the Orb.
     0 | D:1      | Reached XP level 1. HP: 10/10 MP: 6/6
   377 | D:1      | Reached XP level 2. HP: 15/15 MP: 5/8
   504 | D:1      | Learned a level 2 spell: Searing Ray
   682 | D:1      | Reached skill level 5 in Conjurations
   800 | D:1      | Reached XP level 3. HP: 19/19 MP: 5/10
   815 | D:1      | Learned a level 3 spell: Dazzling Spray
  1672 | D:2      | Found a burning altar of Makhleb.
  1857 | D:2      | Reached XP level 4. HP: 24/24 MP: 7/12
  2347 | D:3      | Reached skill level 6 in Conjurations
  2370 | D:3      | Noticed Robin
  2422 | D:3      | Killed Robin
  2629 | D:3      | Reached XP level 5. HP: 28/28 MP: 8/13
  2671 | D:3      | Found a snail-covered altar of Cheibriados.
  2989 | D:3      | Reached skill level 5 in Spellcasting
  3411 | D:3      | Reached skill level 7 in Conjurations
  3605 | D:3      | Killed from afar by an orc priest

Vault maps used:
D:1:      elethiomel_arrival_quiet, grunt_decor_arrowhead, serial_bayou_pond_c,
          patterned_corridor
D:2:      bloody_makhleb, first_bread
D:3:      minmay_wonky_spiral, nicolae_overflow_hidden_temple,
          kennysheep_slug_shrine, uniq_robin

Skill      XL: |  1  2  3  4  5 |
---------------+----------------+-----
Conjurations   | 5 6 7 |  7.0
Spellcasting   | 4 5 |  5.1
Dodging        | |  2.4
Stealth        | |  2.4

Action                   |  1- 3 |  4- 6 || total
-------------------------+-------+-------++-------
Melee: Unarmed           |     6 |       ||     6
       Dagger            |       |    20 ||    20
 Cast: Magic Dart        |    76 |   108 ||   184
       Dazzling Spray    |     3 |     8 ||    11
       Searing Ray       |     1 |       ||     1
 Stab: Invisible         |       |     4 ||     4
  Eat: Chunk             |     3 |     4 ||     7
Armor: Robe              |     2 |     4 ||     6
Dodge: Dodged            |    27 |    20 ||    47
